Map: [ESL] Inside and Out

Players

PattyMac - Winner!

  • Race: Protoss Protoss
  • Spawn Location: 1:00

Future

  • Race: Terran Terran
  • Spawn Location: 7:00

Event: DreamHack SC2 Masters 2022 Atlanta (Online)

VOD

Have the link to the VOD?

Description

Time

  • Played on: Oct. 9, 2022, 3:47 p.m.
  • Length: 11:21

All games in this series

Show
View Real Time Build Order
Export as new Build Order

PattyMac Protoss - Winner!

Build Orders: 1 Gate Expand, Blink Stalkers 

Get SALT Encoding   

  12  0:00  Probe  
  13  0:12  Probe  
  14  0:17  Pylon  
  14  0:24  Probe (Chrono Boost)  
  15  0:36  Probe (Chrono Boost), Gateway  
  16  0:44  Probe (Chrono Boost)  
  16  0:47  Assimilator  
  17  0:50  Probe  
  18  1:00  Gateway  
  18  1:03  Probe  
  19  1:23  Cybernetics Core  
  19  1:37  Nexus  
  19  1:44  Pylon  
  19  1:46  Probe  
  20  1:59  Adept (Chrono Boost)  
  20  2:00  Warp Gate  
  22  2:04  Probe  
  22  2:05  Adept (Chrono Boost)  
  25  2:10  Assimilator  
  25  2:18  Probe  
  25  2:20  Adept (Chrono Boost)  
  28  2:33  Adept  
  28  2:34  Probe  
  31  2:48  Twilight Council, Probe  
  31  2:49  Probe  
  33  3:01  Probe x2  
  35  3:13  Probe x2  
  37  3:21  Blink (Chrono Boost)  
  37  3:25  Probe  
  37  3:26  Probe  
  39  3:32  Robotics Facility  
  39  3:36  Pylon  
  39  3:37  Probe  
  39  3:38  Probe  
  41  3:49  Probe  
  41  3:50  Probe  
  41  3:52  Gateway  
  43  3:56  Stalker x2  
  43  4:00  Pylon  
  43  4:01  Probe  
  48  4:03  Probe  
  48  4:04  Assimilator  
  49  4:11  Gateway  
  49  4:13  Probe  
  49  4:15  Probe  
  51  4:20  Stalker  
  51  4:22  Observer  
  54  4:25  Probe  
  54  4:28  Probe (Chrono Boost)  
  52  4:35  Stalker  
  52  4:37  Probe (Chrono Boost)  
  45  4:43  Warp Prism (Chrono Boost)  
  46  4:46  Probe (Chrono Boost)  
  46  4:48  Probe (Chrono Boost)  
  46  4:50  Stalker x2  
  54  4:53  Probe (Chrono Boost)  
  54  4:56  Probe  
  55  5:03  Stalker  
  55  5:05  Probe  
  55  5:06  Pylon  
  58  5:09  Stalker  
  60  5:25  Probe x2  
  60  5:27  Pylon  
  62  5:28  Stalker  
  62  5:29  Stalker  
  62  5:30  Stalker  
  68  5:51  Stalker  
  68  5:52  Zealot x2  
  68  5:54  Zealot  
  67  5:57  Observer  
  67  5:58  Probe  
  67  6:00  Probe  
  65  6:10  Probe  
  57  6:12  Stalker x2  
  61  6:20  Probe  
  62  6:26  Stalker  
  62  6:27  Stalker  
  62  6:31  Probe  
  67  6:39  Stalker x2  
  71  6:42  Pylon  
  71  6:51  Probe x2  
  68  6:56  Stalker x2  
  72  7:03  Probe (Chrono Boost)  
  72  7:06  Nexus, Probe (Chrono Boost)  
  74  7:15  Probe (Chrono Boost)  
  74  7:19  Zealot x4  
  80  7:26  Probe (Chrono Boost)  
  73  7:34  Probe  
  73  7:35  Robotics Bay  
  64  7:37  Charge  
  64  7:47  Gateway  
  64  7:51  Gateway  
  64  7:52  Probe x2  
  64  7:53  Gateway  
  66  8:05  Zealot x3  
  72  8:22  Zealot, Colossus (Chrono Boost), Probe  
  72  8:25  Probe  
  72  8:26  Assimilator  
  82  8:38  Sentry, Extended Thermal Lance, Probe  
  82  8:39  Probe  
  86  8:43  Gateway  
  86  8:46  Forge  
  86  8:58  Sentry  
  86  8:59  Zealot x3  
  86  9:00  Zealot  
  94  9:07  Colossus (Chrono Boost)  
  96  9:17  Zealot x3  
  90  9:31  Zealot x4  
  88  9:39  Pylon  
  88  9:43  Sentry x2  
  92  9:49  Zealot x2  
  96  9:54  Shield Battery, Colossus (Chrono Boost)  
  96  9:59  Stalker  
  104  10:07  Zealot x3  
  106  10:19  Pylon  
  106  10:20  Zealot x3  
  108  10:28  Pylon  
  106  10:30  Pylon  
  106  10:37  Pylon  
  102  10:43  Immortal (Chrono Boost), Pylon  
  104  10:55  Zealot x3  
  110  10:57  Probe  
  110  11:02  Stalker  
Show
View Real Time Build Order
Export as new Build Order

Future Terran 

Build Orders: Liberator Opening 

Get SALT Encoding   

  12  0:00  SCV  
  13  0:12  SCV  
  14  0:16  Supply Depot  
  14  0:24  SCV  
  15  0:38  SCV  
  15  0:40  Barracks  
  16  0:43  Refinery  
  16  0:50  SCV  
  16  0:52  Refinery  
  17  1:02  SCV  
  18  1:14  SCV  
  19  1:27  Reaper  
  19  1:28  Orbital Command  
  20  1:36  Supply Depot  
  20  1:40  Factory  
  20  1:53  SCV  
  21  2:00  Barracks Reactor  
  21  2:05  SCV  
  22  2:17  SCV  
  22  2:21  Command Center  
  23  2:29  SCV  
  24  2:31  Starport  
  24  2:36  Marine x2  
  26  2:41  SCV  
  27  2:44  Supply Depot  
  27  2:49  Widow Mine  
  29  2:53  SCV  
  29  2:57  Marine  
  31  3:05  Marine  
  31  3:08  SCV  
  28  3:12  Medivac  
  33  3:17  Widow Mine  
  36  3:20  SCV  
  36  3:23  Marine x2  
  39  3:34  Orbital Command  
  39  3:38  SCV  
  38  3:42  Marine  
  38  3:43  Marine  
  40  3:49  Liberator, Factory Tech Lab  
  43  3:56  SCV  
  43  3:58  Orbital Command  
  43  4:02  Marine x2  
  46  4:07  Supply Depot  
  46  4:09  Siege Tank  
  49  4:12  SCV  
  50  4:20  Marine x2  
  52  4:30  SCV  
  52  4:31  SCV  
  52  4:38  Marine  
  51  4:42  SCV  
  51  4:43  SCV  
  51  4:44  Marine  
  54  4:46  Siege Tank  
  54  4:48  Starport Tech Lab  
  54  4:51  Barracks  
  57  4:53  Barracks  
  57  4:54  SCV  
  57  4:55  SCV  
  59  5:02  Marine x2  
  59  5:06  SCV  
  62  5:11  Bunker  
  62  5:12  Supply Depot, SCV  
  63  5:18  SCV  
  63  5:21  Supply Depot, Starport Reactor  
  64  5:22  Marine x2  
  64  5:24  SCV  
  67  5:31  SCV  
  67  5:33  Factory Reactor  
  67  5:35  Engineering Bay  
  68  5:36  Supply Depot, SCV  
  69  5:43  Marine x2  
  69  5:46  SCV  
  69  5:48  SCV  
  73  5:54  Marine  
  73  5:55  Combat Shield, Marine  
  62  5:58  SCV  
  62  6:00  SCV  
  62  6:01  Marine x2  
  53  6:11  SCV  
  48  6:12  Marine x2  
  48  6:13  SCV  
  51  6:18  Marine x2  
  51  6:23  SCV  
  51  6:24  Terran Infantry Weapons Level 1  
  51  6:25  SCV  
  55  6:30  Marauder  
  55  6:31  Marauder  
  59  6:35  SCV  
  59  6:36  Marine  
  61  6:41  Marine  
  61  6:42  SCV  
  63  6:47  Missile Turret  
  63  6:50  Missile Turret  
  61  6:57  Marauder x2, Marine  
  61  6:58  SCV x2, Marine  
  62  7:09  Medivac x2  
  62  7:10  SCV x2  
  62  7:15  Marine  
  69  7:16  Marine  
  69  7:18  Marauder  
  69  7:26  Marine  
  69  7:29  SCV, Stimpack  
  57  7:32  Marine  
  57  7:34  SCV, Marine  
  56  7:40  Marauder  
  56  7:41  SCV  
  56  7:43  Missile Turret  
  59  7:44  Marine  
  59  7:46  SCV, Widow Mine  
  59  7:47  Widow Mine  
  59  7:50  Marine  
  66  7:52  Marine  
  66  7:54  SCV  
  67  7:58  SCV  
  67  8:01  Marine  
  67  8:03  Marine  
  70  8:06  SCV  
  70  8:08  Marine  
  70  8:10  Marine  
  72  8:18  SCV x2, Marine  
  71  8:21  Marine  
  71  8:26  Marine  
  73  8:27  Marine  
  73  8:29  Widow Mine x2  
  73  8:30  SCV x2  
  80  8:36  Marine  
  80  8:39  Marine  
  82  8:43  Supply Depot  
  82  8:44  Supply Depot, Marine  
  82  8:45  Marine  
  82  8:46  Supply Depot  
  84  9:01  SCV x2  
  85  9:03  Marine  
  85  9:04  Marine x2  
  85  9:08  Supply Depot  
  83  9:21  Marine  
  83  9:22  Marine  
  83  9:31  Marauder, Marine x2  
  74  9:33  Viking x2  
  78  9:38  SCV x2  
  78  9:39  Marine  
  81  9:48  Marine  
  81  9:49  Marine  
  81  9:52  Marauder  
  85  9:54  Marine  
  85  9:57  Marine  
  85  10:05  Viking  
  85  10:06  Marine  
  85  10:08  Marine  
  85  10:11  Marine  
  85  10:13  Marauder  
  85  10:18  Marine  
  78  10:23  Viking  
  78  10:24  Marine  
  77  10:31  Marine x2  
  77  10:35  Marauder  
  77  10:38  Marine  
  77  10:42  Marine  
  78  10:47  SCV  
  78  10:48  SCV  
  80  10:51  Refinery x2  
  80  10:52  Factory Tech Lab  
  78  10:57  Command Center, Marine  
  78  10:58  Marauder, Marine  
  78  10:59  Marine  
  78  11:01  Marine  
  84  11:07  SCV x2  
Tags
 
Add a new tag
Caveats
  • Supply blocks, unpowered buildings, or Contaminate may cause inaccurate times.
  • Supply counts are checked every 10 seconds.